 Dungeon Sprint DCSS version 0.31.0-11-ge490571c62 (webtiles) character file.

Game seed: 8192371801521508172

54 boopmooplesden the Protected (level 6, -6/87 HPs)
             Began as an Armataur Fighter on Feb 8, 2024.
             Was an Elder of Trog.
             Mangled by a tyrant leech (19 damage)
             ... in the Dungeon (Sprint VI: "Thunderdome").
             The game lasted 00:01:55 (313 turns).

boopmooplesden the Protected (Armataur Fighter)      Turns: 313, Time: 00:01:56

Health: -6/87      AC:  8    Str: 26    XL:     6   Next: 67%
Magic:  6/6        EV:  8    Int: 14    God:    Trog [****..]
Gold:   145        SH:  6    Dex: 13    Spells: 5/5 levels left

rFire   . . .        a - +0 long sword
rCold   . . .        c - +0 buckler
rNeg    . . .        b - +0 scale mail
rPois   +            (no helmet)
rElec   +            (no cloak)
rCorr   .            (no gloves)
SInv    .            (no barding)
Will    .....        q - amulet "Ezeuxkue" {Acrobat Rampage ^Fragile +Inv Dex+2} Stlth
                     o - ring of Hard Scrabble {AC+4 Str+2 Int+5}
HPRegen 0.34/turn    p - ring "Rupurph" {*Corrode rElec rPois Str+3}
MPRegen 0.10/turn

%: no teleportation, corrode self (3%), acrobat, roll
@: berserking (expiring), corroded, very quick
A: large, deformed body, tough skin 3, armoured tail, roll 1
a: Renounce Religion, Evoke Invisibility, Berserk, Trog's Hand, Brothers in Arms


You were in the Dungeon.
You worshipped Trog.
Trog was greatly pleased with you.
You visited 1 branch You collected 280 gold pieces.
You spent 135 gold pieces at shops.

Inventory:

Hand Weapons
 a - a +0 long sword (weapon)
Armour
 b - a +0 scale mail (worn)
 c - a +0 buckler (worn)
 d - a +1 leather armour of positive energy
Jewellery
 o - the ring of Hard Scrabble (left hand) {AC+4 Str+2 Int+5}
   (You bought it in a shop in the Dungeon)

   [ring of protection]

   AC+4:      It affects your AC (+4).
   Str+2:     It affects your strength (+2).
   Int+5:     It affects your intelligence (+5).
 p - the ring "Rupurph" (right hand) {*Corrode rElec rPois Str+3}
   (You bought it in a shop in the Dungeon)

   [ring of poison resistance]

   Str+3:     It affects your strength (+3).
   rElec:     It insulates you from electricity.
   rPois:     It protects you from poison *Corrode: It may corrode you when you
   take damage.
 q - the amulet "Ezeuxkue" (around neck) {Acrobat Rampage ^Fragile +Inv Dex+2}
   (You bought it in a shop in the Dungeon)

   [amulet of the acrobat]

   Acrobat:   It increases your evasion while moving and waiting.
   Dex+2:     It affects your dexterity (+2).
   +Inv:      It lets you turn invisible.
   ^Fragile:  It will be destroyed if unequipped.
   Rampage:   It bestows one free step when moving towards enemies.
Wands
 l - a wand of acid (5)
 m - a wand of roots (5)
Scrolls
 j - 4 scrolls of blinking
 n - 3 scrolls of fog
Potions
 e - a potion of curing
 f - 4 potions of heal wounds
 g - 4 potions of haste
 h - 2 potions of magic
 i - a potion of berserk rage
 k - 2 potions of resistance


   Skills:
 + Level 6.7 Fighting
 + Level 6.2 Long Blades
 + Level 9.9 Armour
 + Level 2.1 Dodging
 + Level 8.4 Shields


You had 5 spell levels left.
You didn't know any spells.
Your spell library was empty.

Dungeon Overview and Level Annotations

Branches:
Dungeon (1/1)

Altars:
Cheibriados
Dithmenos
Fedhas
Gozag
Kikubaaqudgha
Makhleb
Okawaru
Qazlal
Ru
Sif Muna
Trog
Uskayaw
Vehumet
Wu Jian
Xom
Yredelemnul
Zin
The Shining One
Lugonu

Shops:
D *[=??*?*:[((!!!!


Innate Abilities, Weirdness & Mutations

Armour fits poorly on your strangely shaped body.
You have extremely tough skin. (AC +3)
You have a long armoured tail.
You regenerate magic when rolling toward enemies. (Rampage MPRegen)


Message History

Your Dodging skill increases to level 2!
You slash the tyrant leech!
Your tail-slap misses the tyrant leech.
The tyrant leech is lightly wounded.
The tyrant leech bites you!
The tyrant leech draws strength from your injuries!
You miss the tyrant leech. You hit the tyrant leech.
The tyrant leech is lightly wounded.
The tyrant leech bites you!!
Your corrosive artefact corrodes you!
The tyrant leech draws strength from your injuries!
You barely miss the tyrant leech. You hit the tyrant leech.
The tyrant leech is lightly wounded.
You block the tyrant leech's attack.
You hit the tyrant leech.
The tyrant leech is lightly wounded.
You block the tyrant leech's attack.
You hit the tyrant leech.
The tyrant leech is lightly wounded.
You hit the tyrant leech.
The tyrant leech is moderately wounded.
The tyrant leech bites you!
The tyrant leech draws strength from your injuries!
You slash the tyrant leech!
The tyrant leech is moderately wounded.
You closely miss the tyrant leech.
The tyrant leech is moderately wounded.
The tyrant leech bites you!
The tyrant leech draws strength from your injuries!
You slash the tyrant leech!
The tyrant leech is heavily wounded.
The tyrant leech bites you!!
* * * LOW HITPOINT WARNING * * *
The tyrant leech draws strength from your injuries!
You hit the tyrant leech.
The tyrant leech is heavily wounded.
You barely miss the tyrant leech.
The tyrant leech is heavily wounded.
The tyrant leech bites you!!
You die...

###)........### #⌠..[........⌠#
######.8.........8.######
##∩___......###......___∩##
###∩........8.# #.8.)......∩###
##.............###.†.)[........#
#⌠..........###...###..........⌠
#⌠..........# #.<.# #..........⌠
#⌠..........###.@w###..........⌠
##.............###.............#
###∩........8)# #.8........∩###
##∩_._......###......___∩##
######.8...).....8.######
#⌠...........⌠# ###.........###
#.....kw._# #_......._#


You could see a tyrant leech.

Vanquished Creatures
  Sigmund (D)
  A swamp drake (D)
  2 bullfrogs (D)
  An orc priest (D)
  An orc wizard (D)
  4 orcs (D)
  A giant cockroach (D)
  A hobgoblin (D)
  A kobold (D)
  A bat (D)
14 creatures vanquished.

Notes
Turn   | Place    | Note
-------+----------+-------------------------------------------
     0 | D        | boopmooplesden the Armataur Fighter began the quest for the
                  | Orb.
     0 | D        | Reached XP level 1. HP: 18/18 MP: 1/1
     0 | D        | Found a corrupted altar of Lugonu.
     0 | D        | Found an iron altar of Okawaru.
     5 | D        | Found a snail-covered altar of Cheibriados.
     5 | D        | Found an opulent altar of Gozag.
     5 | D        | Round 1.
     6 | D        | Found an ornate altar of the Wu Jian Council.
     6 | D        | Found a shimmering blue altar of Sif Muna.
     7 | D        | Found a shadowy altar of Dithmenos.
     7 | D        | Found an ancient bone altar of Kikubaaqudgha.
     8 | D        | Found Xeklyxuas's Timeless Talismans.
     8 | D        | Found a sacrificial altar of Ru.
     8 | D        | Found Ysipriek's Identification Station.
     9 | D        | Found Bepluife's Jewellery.
     9 | D        | Found Xodets's Advanced Armour.
    17 | D        | Bought a smoking wooden ring for 45 gold pieces
    17 | D        | Identified the ring of Hard Scrabble {AC+4 Str+2 Int+5}
                  | (You bought it in a shop in the Dungeon)
    17 | D        | Bought a shimmering gossamer ring for 45 gold pieces
    17 | D        | Identified the ring "Rupurph" {*Corrode rElec rPois Str+3}
                  | (You bought it in a shop in the Dungeon)
    17 | D        | Bought a pitted bone amulet for 45 gold pieces
    17 | D        | Identified the amulet "Ezeuxkue" {Acrobat Rampage ^Fragile
                  | +Inv Dex+2} (You bought it in a shop in the Dungeon)
    28 | D        | Found a stormy altar of Qazlal.
    29 | D        | Found a burning altar of Makhleb.
    30 | D        | Found Taeblol's Premium Goods.
    31 | D        | Found Zaxias's Miscellaneous Merchandise.
    31 | D        | Found Wogofa Anude's Basic Armour.
    32 | D        | Found a bloodstained altar of Trog.
    32 | D        | Found a shimmering altar of Xom.
    32 | D        | Found Lair's Weapon Rack.
    34 | D        | Noticed Sigmund
    37 | D        | Found a hide-covered altar of Uskayaw.
    41 | D        | Became a worshipper of Trog the Wrathful
    44 | D        | Found a glowing golden altar of the Shining One.
    46 | D        | Found Niolonak's Do-It-Yourself Clinic.
    47 | D        | Found Kubiq's Bottled Wisdom.
    47 | D        | Found Juthets's Distillery.
    47 | D        | Found a basalt altar of Yredelemnul.
    47 | D        | Found a radiant altar of Vehumet.
    47 | D        | Found Gytsacou's Distillery.
    52 | D        | Found a glowing silver altar of Zin.
    53 | D        | Found a blossoming altar of Fedhas.
    54 | D        | Found Tajidiu's Staff Store.
    58 | D        | Found Wyarih's Must-Have Magic.
    58 | D        | Found Jirest's Magic Scroll Shop.
    60 | D        | Found Qaikuhuch's Magic Scroll Shop.
    87 | D        | Reached skill level 4 in Armour
    88 | D        | Killed Sigmund
    88 | D        | Reached * piety under Trog
    89 | D        | Reached skill level 5 in Fighting
    89 | D        | Reached skill level 7 in Armour
    89 | D        | Reached skill level 1 in Dodging
    89 | D        | Reached XP level 2. HP: 11/29 MP: 2/2
    89 | D        | Reached XP level 3. HP: 14/36 MP: 3/3
    89 | D        | Reached XP level 4. HP: 17/42 MP: 4/4
    89 | D        | Reached XP level 5. HP: 19/48 MP: 5/5
   121 | D        | Reached ** piety under Trog
   121 | D        | Arena points: 12 (+12) [x2]
   163 | D        | Round 2.
   184 | D        | Reached skill level 8 in Armour
   186 | D        | Reached *** piety under Trog
   206 | D        | Arena points: 54 (+42) [x3]
   233 | D        | Round 3.
   249 | D        | Reached skill level 5 in Long Blades
   249 | D        | Reached skill level 9 in Armour
   249 | D        | Reached XP level 6. HP: 56/57 MP: 6/6
   251 | D        | Reached **** piety under Trog
   283 | D        | Noticed a swamp drake
   284 | D        | Noticed a tyrant leech
   300 | D        | Killed a swamp drake
   313 | D        | Mangled by a tyrant leech

Illustrated notes

Levels and vault maps discovered:
D:        arena_sprint

Skill      XL: |  1  2  3  4  5  6 |
---------------+-------------------+-----
Fighting       | 5 6 |  6.7
Long Blades    | 4 5 6 |  6.2
Armour         | 7 9 |  9.9
Dodging        | 1 2 |  2.1
Shields        | 6 7 8 |  8.4

Action                     |  1- 3 |  4- 6 || total
---------------------------+-------+-------++-------
  Melee: Long sword        |    15 |    44 ||    59
         Tailslap          |     2 |     5 ||     7
 Invoke: Berserk           |       |     2 ||     2
    Use: Potion            |     1 |       ||     1
 Armour: Scale mail        |    20 |    29 ||    49
  Dodge: Dodged            |    18 |    16 ||    34
  Block: Buckler           |     7 |     5 ||    12
